 Dungeon Crawl Stone Soup version 0.29.0-4-gdea44cf6ec (webtiles) character file.

Game seed: 5525184063711920272

6 qw the Chopper (level 1, 0/12 HPs)
             Began as a Tengu Warper on Aug 28, 2022.
             Slain by a ball python (2 damage)
             ... on level 1 of the Dungeon.
             The game lasted 00:00:00 (110 turns).

qw the Chopper (Tengu Warper)                        Turns: 110, Time: 00:00:01

Health: 0/12       AC:  3    Str: 11    XL:     1   Next: 90%
Magic:  4/4        EV: 11    Int: 13    God:
Gold:   17         SH:  0    Dex: 13    Spells: 4/4 levels left

rFire   . . .      SeeInvis .   a - +0 hand axe
rCold   . . .      Faith    .   (no shield)
rNeg    . . .      Spirit   .   b - +0 leather armour
rPois   .          Reflect  .   (helmet restricted)
rElec   .          Harm     .   (no cloak)
rCorr   .          Rampage  .   (no gloves)
Will    .....                   (boots unavailable)
Stlth   +.........              (no amulet)
HPRegen 0.04/turn               (no ring)
MPRegen 0.09/turn               (no ring)

@: no status effects
A: beak, talons 3
a: no special abilities


You were on level 1 of the Dungeon.
You visited 1 branch of the dungeon, and saw 1 of its levels.

You collected 17 gold pieces.


Innate Abilities, Weirdness & Mutations

You have a beak for a mouth.
You have claws for feet.


   Skills:
 - Level 2.0 Fighting
 + Level 2.9 Axes
 - Level 1.0 Throwing
 - Level 1.1 Armour
 - Level 2.1 Dodging
 - Level 2.0 Spellcasting
 - Level 2.4 Translocations


You had 4 spell levels left.
You didn't know any spells.
Your spell library contained the following spells:

 Spells                   Type           Power      Damage    Failure   Level
 Blink                    Tloc           14%        N/A       19%         2
 Gell's Gravitas          Tloc           7%         N/A       36%         3
 Lesser Beckoning         Tloc           7%         N/A       36%         3
 Teleport Other           Tloc           7%         N/A       36%         3
 Manifold Assault         Tloc           7%         N/A       98%         5

Inventory:

Hand Weapons
 a - a +0 hand axe (weapon)
Armour
 b - a +0 leather armour (worn)
Scrolls
 c - a scroll of blinking
Potions
 e - a potion of might {unknown}

Dungeon Overview and Level Annotations

Branches:
Dungeon (1/15)

Altars:


Message History

A ball python comes into view.
The kobold throws a stone.
The stone hits you.
91 ||| Stepping ~*~*~tactically~*~*~ (stealth).
You start resting.
A kobold is nearby!
The kobold throws a stone.
The stone hits you but does no damage.
You closely miss the kobold. The kobold hits you with a +0 dagger.
A kobold comes into view. It is wielding a +0 short sword.
The kobold barely misses you.
You closely miss the kobold. The kobold hits you but does no damage.
You closely miss the kobold. Your peck misses the kobold.
The kobold hits you with a +0 dagger.
You closely miss the kobold. Your kick misses the kobold.
You peck the kobold, but do no damage. The kobold hits you with a +0 dagger.
You hit the kobold.
You kill the kobold!
You barely miss the kobold. You peck the kobold.
The kobold is severely wounded.
The kobold hits you with a +0 short sword.
You hit the kobold but do no damage. Your kick misses the kobold.
The kobold is severely wounded.
The kobold hits you with a +0 short sword. x2
You closely miss the kobold. You claw the kobold.
You kill the kobold!
Throw: 2 boomerangs (disperse)
Press: ? - help, Q - select action Shift-Dir - straight line, f - ball python You throw a boomerang of dispersal.
The boomerang of dispersal barely misses the ball python.
The ball python hisses angrily.
Throw: boomerang (disperse)
Press: ? - help, Q - select action Shift-Dir - straight line, f/p - ball python You throw a boomerang of dispersal.
The boomerang of dispersal barely misses the ball python.
You completely miss the ball python. Your kick misses the ball python.
The ball python barely misses you. x2; The bat closely misses you.
The ball python bites you.
You die...

## #. S. #. #K #. #.
##### #. #.
#...###########. #.
#...............
.#.###.###...###########.
.......S@...######### #.
...##.b............# #.
#..###########.# #. #..#
#.# #. .$... #.# #.
###### #.# #. #.# #.
#.####. #......


You could see a bat and a ball python.

Vanquished Creatures
  2 endoplasms (D:1)
  2 kobolds (D:1)
  A ball python (D:1)
5 creatures vanquished.

Notes
Turn   | Place    | Note
-------+----------+-------------------------------------------
     0 | D:1      | qw the Tengu Warper began the quest for the Orb.
     0 | D:1      | Reached XP level 1. HP: 12/12 MP: 4/4
     0 | D:1      | 0 ||| qw: Version: 0.1-a-89-g26bdef1
     0 | D:1      | 0 ||| qw: Game counter: 823
     0 | D:1      | 0 ||| qw: Always use a shield: true
     0 | D:1      | 0 ||| qw: God list: Okawaru
     0 | D:1      | 0 ||| qw: Allow faded altars: false
     0 | D:1      | 0 ||| qw: Do Orc after D:15 true
     0 | D:1      | 0 ||| qw: Do second Lair branch before Depths: true
     0 | D:1      | 0 ||| qw: Lair rune preference: random
     0 | D:1      | 0 ||| qw: Plans: Normal
     0 | D:1      | 0 ||| PLANNING D:1-11
    91 | D:1      | 91 ||| Stepping ~*~*~tactically~*~*~ (stealth).
   104 | D:1      | HP: 2/12 [kobold/+0 short sword (2)]
   110 | D:1      | Slain by a ball python

Levels and vault maps discovered:
D:1:      amcnicky_arrival_feature_with_door, layout_loops_ring,
          minmay_misc_feat_five

Action                   || total
-------------------------++-------
Melee: Hand axe          ||    12
       Peck              ||     2
       Kick              ||     1
Throw: Boomerang         ||     7
Armor: Leather armour    ||     4
Dodge: Dodged            ||     4

Table legend:
 A = Non-vault XP
 B = Vault XP
 C = Vault XP percentage of total XP
 D = Non-vault monster count
 E = Vault monster count
 F = Vault count percentage of total count
                 A         B        C        D         E       F
            +---------+---------+-------+---------+---------+-------
      Total |       9 |       0 |   0.0 |       5 |       0 |   0.0
            +---------+---------+-------+---------+---------+-------
        D:1 |       9 |       0 |   0.0 |       5 |       0 |   0.0
            +---------+---------+-------+---------+---------+-------
